 Dungeon Crawl Stone Soup version 0.26-a0-259-g1effd001a9 (webtiles) character file.

Game seed: 11493754068985654731

166458 Apogee the Eclecticist (level 17, -1/111 HPs)
             Began as a Deep Elf Conjurer on July 25, 2020.
             Was a High Priest of Sif Muna.
             Slain by Polyphemus (2 damage)
             ... while petrified by you
             ... on level 2 of the Shoals.
             The game lasted 02:15:38 (35109 turns).

Apogee the Eclecticist (Deep Elf Conjurer)         Turns: 35109, Time: 02:15:38

Health: -1/111     AC: 17    Str: 11    XL:     17   Next: 29%
Magic:  33/38      EV:  2    Int: 37    God:    Sif Muna [*****.]
Gold:   5485       SH:  0    Dex: 19    Spells: 9/46 levels left

rFire    + + .     SeeInvis +   N - +8 great sword of Brutal Revenge {vorpal, rF+ MR+ Str+7 Dex-4}
rCold    + . .     Faith    .   (shield currently unavailable)
rNeg     + + +     Spirit   .   u - +2 robe of Bitterness {rPois Int+6}
rPois    ∞         Reflect  .   M - +1 helmet
rElec    +         Harm     .   g - +0 cloak
rCorr    .                      h - +2 pair of gloves {Dex+3}
MR       ++...                  E - +2 pair of boots "Iriemihu" {rElec Dex+4}
Stlth    ++........             p - amulet "Pumyh" {rF+ rC+ Regen+ Dex+3}
HPRegen  0.68/turn              z - ring of see invisible
MPRegen  0.26/turn              V - ring of Phasing {EV+8}

@: petrified
A: icy blue scales 1, iridescent scales 1
a: Channel Magic, Forget Spell, Divine Exegesis, Renounce Religion


You were on level 2 of the Shoals.
You worshipped Sif Muna.
Sif Muna was extremely pleased with you.
You were not hungry.

You visited 5 branches of the dungeon, and saw 28 of its levels.
You visited 1 bazaar.
You also visited: Sewer.

You collected 6905 gold pieces.
You spent 1420 gold pieces at shops.

Inventory:

Hand Weapons
 N - the +8 great sword of Brutal Revenge (weapon) {vorpal, rF+ MR+ Str+7 Dex-4}
   (You took it off an orc on level 10 of the Dungeon)

   It inflicts extra damage upon your enemies.
   It affects your strength (+7).
   It affects your dexterity (-4).
   It protects you from fire.
   It affects your resistance to hostile enchantments.
 X - the +7 mace of Slime {flame, MR+++ Int+3 Dex-4 Stlth+}
   (You found it on level 1 of the Lair of Beasts)

   It has been specially enchanted to burn those struck by it, causing extra
   injury to most foes and up to half again as much damage against particularly
   susceptible opponents.
   It affects your intelligence (+3).
   It affects your dexterity (-4).
   It affects your resistance to hostile enchantments.
   It makes you more stealthy.
Missiles
 i - 3 throwing nets (quivered) {!f}
 F - 4 curare-tipped darts {!f}
Armour
 g - a +0 cloak (worn)
   (You found it on level 1 of the Dungeon)
 h - a +2 pair of gloves of dexterity (worn)
   (You acquired it on level 3 of the Lair of Beasts)
 u - the +2 robe of Bitterness (worn) {rPois Int+6}
   (You took it off a spriggan on level 6 of the Lair of Beasts)

   It affects your intelligence (+6).
   It protects you from poison.
 E - the +2 pair of boots "Iriemihu" (worn) {rElec Dex+4}
   (You bought it in a shop in a bazaar)

   It affects your dexterity (+4).
   It insulates you from electricity.
 M - a +1 helmet (worn)
   (You found it on level 9 of the Dungeon)
Magical Staves
 b - an uncursed staff of wizardry {!a}
   (You took it off an orc on level 8 of the Dungeon)
Jewellery
 l - a +4 ring of protection
   (You found it on level 1 of the Shoals)
 p - the amulet "Pumyh" (around neck) {rF+ rC+ Regen+ Dex+3}
   (You acquired it on level 12 of the Dungeon)

   [amulet of regeneration]

   It affects your dexterity (+3).
   It protects you from fire.
   It protects you from cold.
   It increases your rate of regeneration.
 z - a ring of see invisible (left hand)
   (You found it on level 11 of the Dungeon)
 K - an uncursed ring of fire
   (You found it on level 3 of the Dungeon)
 Q - a +4 ring of slaying
   (You found it on level 11 of the Dungeon)
 S - an uncursed ring of wizardry
   (You found it on level 1 of the Elven Halls)
 U - an uncursed ring of resist corrosion
   (You found it on level 1 of the Lair of Beasts)
 V - the ring of Phasing (right hand) {EV+8}
   (You found it on level 1 of the Lair of Beasts)

   [ring of evasion]

   It affects your evasion (+8).
 W - an uncursed ring of protection from magic
   (You found it on level 1 of the Lair of Beasts)
 Y - an uncursed ring of magical power
   (You found it on level 13 of the Dungeon)
Wands
 d - a wand of iceblast (12)
   (You found it on level 9 of the Dungeon)
 v - a wand of digging (24)
   (You found it on level 5 of the Dungeon)
 x - a wand of acid (2)
   (You found it on level 9 of the Dungeon)
 J - a wand of clouds (11)
   (You took it off an orc on level 8 of the Dungeon)
Scrolls
 a - a scroll of immolation {!r}
 j - 2 scrolls of magic mapping
 q - 5 scrolls of fear
 s - 2 scrolls of enchant armour
 t - a scroll of summoning {unknown}
 w - 6 scrolls of enchant weapon
 y - a scroll of silence
 B - 2 scrolls of amnesia
 G - 17 scrolls of teleportation {@r4}
 H - 3 scrolls of blinking
 L - 5 scrolls of identify {@r1}
 O - 3 scrolls of fog
 P - 6 scrolls of remove curse {@r2}
Potions
 c - 10 potions of curing {@q1}
 k - 10 potions of brilliance
 m - 6 potions of heal wounds {@q2}
 n - 2 potions of lignification {!q}
 o - 3 potions of flight
 r - 6 potions of magic
 A - 4 potions of mutation {!q}
 C - 6 potions of might
 D - 4 potions of stabbing
 R - a potion of haste {@q3}
 T - 2 potions of resistance
Miscellaneous
 f - a box of beasts
 I - a phantom mirror
Comestibles
 e - 95 rations {!d}


   Skills:
 + Level 14.1 Fighting
 + Level 12.6 Long Blades
 - Level 13.0 Dodging
 - Level 2.4 Stealth
 + Level 15.3 Spellcasting
 - Level 9.3 Conjurations
 - Level 5.0 Hexes
 - Level 2.0 Charms
 - Level 2.0 Necromancy
 - Level 9.9 Translocations
 - Level 6.0 Fire Magic


You had 9 spell levels left.
You knew the following spells:

 Your Spells              Type           Power        Failure   Level
a - Magic Dart            Conj           ####         1%          1
b - Dazzling Flash        Conj/Hex       ######       1%          3
c - Fireball              Conj/Fire      ######....   1%          5
d - Blink                 Tloc           N/A          1%          2
e - Dispel Undead         Necr           #####...     5%          4
f - Mephitic Cloud        Conj/Pois/Air  ######..     1%          3
i - Iskenderun's Battles  Conj/Chrm      ######..     3%          5
s - Searing Ray           Conj           ######       1%          2
v - Passage of Golubria   Tloc           N/A          1%          4
x - Iskenderun's Mystic   Conj/Tloc      #######.     1%          4
z - Fulminant Prism       Conj/Hex       ######....   1%          4

Your spell library contained the following spells:

 Spells                   Type           Power        Failure   Level
 Apportation              Tloc           ######       1%          1
 Corona                   Hex            ######.      1%          1
 Foxfire                  Conj/Fire      ####         1%          1
 Pain                     Necr           ####         1%          1
 Call Imp                 Summ           ####....     1%          2
 Corpse Rot               Necr/Air       N/A          1%          2
 Passwall                 Tmut/Erth      ####....     1%          2
 Shroud of Golubria       Chrm/Tloc      ######       1%          2
 Slow                     Hex            ######..     1%          2
 Sublimation of Blood     Necr           #####.....   1%          2
 Swiftness                Chrm/Air       #####...     1%          2
 Confusing Touch          Hex            ######..     1%          3
 Conjure Flame            Conj/Fire      ######..     1%          3
 Gell's Gravitas          Tloc           #######...   1%          3
 Ignite Poison            Fire/Tmut/Pois #####...     1%          3
 Inner Flame              Hex/Fire       ######..     1%          3
 Lesser Beckoning         Tloc           #######...   1%          3
 Static Discharge         Conj/Air       ######..     1%          3
 Teleport Other           Tloc           #######.     1%          3
 Tukima's Dance           Hex            ######..     1%          3
 Cause Fear               Hex            ######....   1%          4
 Sticky Flame             Conj/Fire      ######..     1%          4
 Dispersal                Tloc           #######...   3%          6
 Leda's Liquefaction      Hex/Erth       #####.....   4%          4
 Bolt of Magma            Conj/Fire/Erth ######....   4%          5
 Lightning Bolt           Conj/Air       ######....   4%          5
 Petrify                  Tmut/Erth      ####....     12%         4
 Metabolic Englaciation   Hex/Ice        #####.....   12%         5
 Yara's Violent Unravell  Hex/Tmut       #####.....   12%         5
 Agony                    Necr           #####...     16%         5
 Excruciating Wounds      Chrm/Necr      #####.....   16%         5
 Orb of Destruction       Conj           #######...   24%         7
 Conjure Ball Lightning   Conj/Air       ######....   28%         6
 Iron Shot                Conj/Erth      ######....   28%         6
 Freezing Cloud           Conj/Ice/Air   ######....   47%         6
 Controlled Blink         Tloc           N/A          80%         8
 Disjunction              Tloc           #######...   80%         8
 Spellforged Servitor     Conj/Summ      ######....   83%         7
 Haunt                    Necr/Summ      #####.....   100%        7
 Chain Lightning          Conj/Air       ######....   100%        8


Dungeon Overview and Level Annotations

Branches:
Dungeon (15/15)            Temple (0/1) D:7            Lair (6/6) D:8
 Shoals (3/4) Lair:3        Snake (0/4) Lair:3        Slime (0/5) Lair:5
    Orc (2/2) D:9             Elf (2/3) Orc:2        Vaults (0/5) D:13
 Depths (0/5) D:15          Sewer (visited)

Altars:
Ashenzari
Cheibriados
Elyvilon
Fedhas
Kikubaaqudgha
Makhleb
Qazlal
Sif Muna
Trog
Uskayaw
Vehumet
Xom
Zin
Beogh
Jiyva

Shops:
D:8 }   D:14 =   Orc:2 :?(}

Annotations:
D:8 1 runed translucent door, MirrMurr's ghost, novice VSBe
D:10 1 runed translucent door, Seggum's ghost, journeyman DsGl
Shoals:2 Polyphemus
Shoals:3 Jorgrun
Elf:1 Donald; Roxanne


Innate Abilities, Weirdness & Mutations

You are partially covered in icy blue scales. (AC +2)
You are partially covered in iridescent scales. (AC +2)


Message History

Polyphemus slams into the rock wall!
The mystic blast hits the death yak.
The mystic blast hits the death yak!
The death yak is knocked back by the mystic blast.
You hear a shout!
You hear a screech!
Jorgrun points at you and mumbles some strange words.
Roots burst forth from the earth!
The grasping roots grab you! The grasping roots constrict you!
The catoblepas breathes a plume of calcifying dust at you.
The blast of calcifying dust hits the death yak.
The blast of calcifying dust hits you but does no damage.
The death yak is engulfed in calcifying dust.
The death yak is moving more slowly.
The death yak gores you but does no damage.
Polyphemus throws the death yak at you!
You escape the roots' grasp.
You are engulfed in calcifying dust.
You are slowing down.
The death yak completely misses you. Polyphemus hits you!!
Polyphemus hits you but does no damage.
The sea snake hisses angrily.
You climb upwards.
You have turned to stone.
The death yak gores you. Polyphemus throws the death yak at you!
The death yak gores you but does no damage.
Polyphemus hits you!!! Polyphemus hits you but does no damage.
The death yak gores you!!
* * * LOW HITPOINT WARNING * * *
Polyphemus hits you!
* * * LOW HITPOINT WARNING * * *
Polyphemus hits you but does no damage. The death yak gores you!
* * * LOW HITPOINT WARNING * * *
Polyphemus glares at you with his lone eye.
Polyphemus hits you!!
* * * LOW HITPOINT WARNING * * *
Polyphemus hits you but does no damage. The death yak gores you.
* * * LOW HITPOINT WARNING * * *
Polyphemus completely misses you. Polyphemus hits you.
* * * LOW HITPOINT WARNING * * *
The death yak gores you but does no damage.
Polyphemus hits you!!!
* * * LOW HITPOINT WARNING * * *
Polyphemus hits you!!
* * * LOW HITPOINT WARNING * * *
The death yak gores you.
* * * LOW HITPOINT WARNING * * *
Polyphemus hits you.
* * * LOW HITPOINT WARNING * * *
Polyphemus hits you.
You die...

≈≈≈....≈≈≈≈..##...≈≈≈≈..###.P..#
≈≈..≈≈≈≈≈≈..####...≈≈≈..# ##P###
.≈≈≈≈≈≈≈.≈..## ##..≈≈...#########
.≈≈≈.........####..≈≈....P## #..
≈≈≈......≈≈...##..≈≈≈≈≈≈≈≈.# #P.
≈≈≈..≈≈≈≈≈..#....≈≈≈≈≈≈≈≈≈P####..
.≈≈≈≈≈≈≈≈≈≈.....≈≈≈≈≈≈≈≈≈≈≈......
.≈≈≈≈≈≈≈≈≈≈≈..#..C≈≈≈≈≈≈≈≈≈......
#≈≈≈≈≈≈≈≈≈≈..###@≈≈≈≈≈≈≈≈≈≈≈≈....
#.≈...≈≈≈≈≈.####.Y≈≈≈≈≈≈≈≈≈≈.≈≈≈≈
#.....^..≈≈..##..≈≈≈≈≈≈≈≈≈....#..
#..####...≈≈....≈≈≈≈≈≈≈≈≈≈≈≈####.
...# ###..≈≈≈≈≈≈≈≈≈≈≈≈≈≈≈≈≈.# ##
...## ##.≈≈≈≈≈≈≈≈≈≈≈≈≈≈≈≈≈### #
....####.≈≈≈≈≈≈≈≈≈≈≈≈≈≈≈≈≈.#
..........≈≈≈≈≈≈≈≈≈≈≈≈≈≈≈≈##
#..........≈≈≈≈≈≈≈≈≈≈≈≈..##


You could see Polyphemus and a death yak.

Vanquished Creatures
  Frances (Shoals:1)
  Agnes (D:15)
  Kirke (D:13)
  A caustic shrike skeleton (D:15)
  A merfolk javelineer (Shoals:1)
  A quicksilver dragon zombie (D:15)
  6 merfolk impalers
  5 ogre magi
  A vault guard (D:13)
  7 hydras
  A merfolk avatar (Shoals:1)
  Erica (Orc:1)
  2 centaur warriors
  2 tengu warriors (D:14)
  9 two-headed ogres
  2 dancing weapons
  9 skeletal warriors
  2 deep elf knights (Elf:1)
  4 sea snakes
  An unseen horror (D:14)
  4 necromancers
  8 harpies
  A deep elf archer (Elf:1)
  2 orc knights
  8 ugly things
  A phantasmal warrior (D:15)
  A wolf spider zombie (D:13)
  A sphinx zombie (D:15)
  An oklob plant (Lair:1)
  A shining eye (shapeshifter) (D:12)
  9 deep elf magi
  3 cyclopes
  8 orc sorcerers
  5 manticores
  A sphinx skeleton (D:15)
  3 merfolk sirens
  14 elephants
  A centaur zombie (D:13)
  3 black mambas
  4 water nymphs
  A cane toad (shapeshifter) (D:14)
  6 cane toads
  A rime drake (Lair:6)
  3 centaur skeletons
  6 komodo dragons
  A kobold demonologist (D:13)
  A yaktaur (D:13)
  2 efreet
  10 merfolk
  4 polar bears
  2 guardian mummies (D:15)
  2 wind drakes
  6 trolls
  10 slime creatures
  13 hippogriffs
  6 dream sheep
  4 hornets (Lair:6)
  14 blink frogs
  4 snapping turtles
  10 spriggans (Lair:6)
  2 shadows
  3 water elementals
  5 hogs (D:13)
  2 basilisks
  A wyvern (Lair:3)
  Eustachio (D:6)
  19 humans (D:13)
  42 yaks
  3 wraiths
  7 vampire mosquitoes
  4 wargs
  Menkaure (D:4)
  Edmund (D:6)
  A soldier ant (D:13)
  5 water moccasins
  3 nagas (Lair:3)
  11 porcupines
  22 orc warriors
  An ice beast (D:8)
  A sky beast (D:10)
  A hornet zombie (D:12)
  14 ogres
  7 black bears
  2 eyes of draining
  5 boggarts (Lair:6)
  A phantom (D:4)
  16 centaurs
  9 crocodiles
  29 wolves
  19 bullfrogs
  3 big kobolds
  An earth elemental (Elf:1)
  4 scorpions
  9 killer bees
  18 wights
  5 electric eels
  3 howler monkeys (D:14)
  6 hounds
  A quasit (D:14)
  4 bullfrog skeletons
  11 jellies
  8 orc priests
  29 orc wizards
  Terence (D:3)
  5 iguanas
  11 worker ants
  A hound zombie (D:10)
  7 gnolls
  21 adders
  6 white imps
  4 ufetubi
  15 oozes
  2 adder zombies
  2 worms
  12 leopard geckos
  86 orcs
  7 bats
  9 giant cockroaches
  7 goblins
  6 hobgoblins
  10 jackals
  6 quokkas
  11 frilled lizards
  19 kobolds
  A leopard gecko skeleton (D:6)
  A leopard gecko zombie (D:5)
  9 rats
  5 fulminant prisms
  6 fungi
  13 plants
866 creatures vanquished.

Vanquished Creatures (others)
  A human (D:13)
  A worker ant (D:14)
  A bush (Lair:1)
  120 fulminant prisms
  26 fungi
  12 plants
  A withered plant (D:15)
162 creatures vanquished.

Grand Total: 1028 creatures vanquished

Notes
Turn   | Place    | Note
-------+----------+-------------------------------------------
     0 | D:1      | Apogee the Deep Elf Conjurer began the quest for the Orb.
     0 | D:1      | Reached XP level 1. HP: 10/10 MP: 6/6
   207 | D:1      | Reached XP level 2. HP: 15/15 MP: 3/8
   305 | D:1      | Learned a level 2 spell: Searing Ray
   507 | D:1      | Reached skill level 4 in Spellcasting
   712 | D:1      | Reached skill level 5 in Conjurations
   712 | D:1      | Reached XP level 3. HP: 18/19 MP: 5/10
  1324 | D:2      | Reached XP level 4. HP: 24/24 MP: 4/12
  1464 | D:2      | Found a shimmering blue altar of Sif Muna.
  1467 | D:2      | Reached skill level 5 in Spellcasting
  1471 | D:2      | Found a glowing silver altar of Zin.
  1472 | D:2      | Found a shattered altar of Ashenzari.
  1475 | D:2      | Became a worshipper of Sif Muna the Loreminder
  1579 | D:2      | Found a burning altar of Makhleb.
  1598 | D:2      | Found a hide-covered altar of Uskayaw.
  1824 | D:2      | Reached XP level 5. HP: 28/28 MP: 9/14
  2207 | D:2      | Learned a level 3 spell: Dazzling Flash
  2212 | D:2      | Learned a level 4 spell: Fulminant Prism
  2217 | D:2      | Learned a level 4 spell: Iskenderun's Mystic Blast
  2525 | D:3      | Reached skill level 1 in Hexes
  2525 | D:3      | Reached skill level 1 in Translocations
  2928 | D:3      | You fall into a shaft and drop 1 floor!
  3113 | D:3      | Noticed Terence
  3538 | D:3      | Killed Terence
  3654 | D:4      | Reached XP level 6. HP: 25/32 MP: 8/16
  3765 | D:4      | Reached * piety under Sif Muna
  4178 | D:4      | Noticed a moth of wrath
  4185 | D:4      | Found a bloodstained altar of Trog.
  4229 | D:4      | Noticed Menkaure
  4233 | D:4      | Killed Menkaure
  4233 | D:4      | Reached skill level 5 in Hexes
  4233 | D:4      | Reached XP level 7. HP: 28/37 MP: 12/17
  4327 | D:4      | Reached skill level 1 in Fighting
  4444 | D:4      | Found a snail-covered altar of Cheibriados.
  4674 | D:5      | Entered Level 5 of the Dungeon
  4889 | D:5      | Reached skill level 6 in Spellcasting
  5010 | D:5      | Found a stormy altar of Qazlal.
  5096 | D:5      | Found a glowing drain.
  5113 | Sewer    | Entered a sewer
  5210 | Sewer    | Reached ** piety under Sif Muna
  5663 | D:5      | Found a white marble altar of Elyvilon.
  5885 | D:6      | Reached XP level 8. HP: 45/45 MP: 16/20
  5946 | D:6      | Reached skill level 7 in Spellcasting
  5975 | D:6      | Noticed Eustachio
  6001 | D:6      | Killed Eustachio
  6003 | D:6      | Noticed Edmund
  6179 | D:6      | Killed Edmund
  6248 | D:6      | Found a radiant altar of Vehumet.
  6275 | D:6      | Reached skill level 8 in Spellcasting
  6467 | D:6      | Found an ancient bone altar of Kikubaaqudgha.
  6633 | D:7      | Found a shimmering altar of Xom.
  6686 | D:7      | Noticed a hippogriff
  6696 | D:7      | Killed a hippogriff
  6696 | D:7      | Reached *** piety under Sif Muna
  6696 | D:7      | Reached XP level 9. HP: 52/52 MP: 12/23
  6713 | D:7      | Found a staircase to the Ecumenical Temple.
  6926 | D:7      | Reached skill level 9 in Spellcasting
  6989 | D:7      | Found a blossoming altar of Fedhas.
  7139 | D:8      | Found a runed translucent door.
  7139 | D:8      | Noticed MirrMurr's ghost (novice VSBe)
  7203 | D:8      | Found Pavien's Gadget Shoppe.
  8154 | D:8      | Reached skill level 5 in Fighting
  8216 | D:8      | Reached skill level 10 in Spellcasting
  8297 | D:8      | Found a burning altar of Makhleb.
  8556 | D:8      | Found a staircase to the Lair.
  8895 | D:9      | Reached XP level 10. HP: 60/60 MP: 11/26
  9005 | D:9      | Reached **** piety under Sif Muna
  9023 | D:9      | Found a staircase to the Orcish Mines.
  9079 | D:9      | Reached skill level 5 in Dodging
  9551 | D:10     | Entered Level 10 of the Dungeon
  9775 | D:10     | Found a runed translucent door.
  9777 | D:10     | Noticed Seggum's ghost (journeyman DsGl)
  9777 | D:10     | Noticed a cyclops
  9914 | D:10     | Noticed a two-headed ogre
  9917 | D:10     | Killed a two-headed ogre
 10011 | D:10     | Noticed a two-headed ogre
 10114 | D:10     | Killed a two-headed ogre
 10343 | D:10     | Identified the +8 great sword of Brutal Revenge {vorpal,
                  | rF+ MR+ Str+7 Dex-4}
 10647 | D:11     | Learned a level 5 spell: Fireball
 10766 | D:11     | Noticed a purple ugly thing
 10780 | D:11     | Killed a purple ugly thing
 10878 | D:11     | Reached ***** piety under Sif Muna
 10878 | D:11     | Reached XP level 11. HP: 41/68 MP: 14/27
 11573 | Lair:1   | Entered Level 1 of the Lair of Beasts
 12255 | Lair:1   | Received a gift from Sif Muna
 12621 | Lair:1   | Noticed a six-headed hydra
 12639 | Lair:1   | Killed a six-headed hydra
 12639 | Lair:1   | Reached skill level 10 in Dodging
 12754 | Lair:1   | Found the ring of Phasing {EV+8}
 12899 | Lair:1   | Noticed an oklob plant
 13057 | Lair:1   | Killed an oklob plant
 13603 | Lair:1   | Got an encrusted mace
 13604 | Lair:1   | Identified the +7 mace of Slime {flame, MR+++ Int+3 Dex-4
                  | Stlth+} (You found it on level 1 of the Lair of Beasts)
 13790 | Lair:2   | Noticed a six-headed hydra
 13796 | Lair:2   | Killed a six-headed hydra
 14202 | Lair:2   | You fall into a shaft and drop 2 floors!
 14334 | Lair:4   | Reached skill level 10 in Fighting
 14334 | Lair:4   | Reached XP level 12. HP: 77/77 MP: 22/28
 14467 | Lair:4   | Reached skill level 1 in Long Blades
 15541 | Lair:2   | Learned a level 2 spell: Blink
 16088 | Lair:3   | Identified Sif Muna's Reference Book on Feathery Stones
                  | (Sif Muna gifted it to you on level 3 of the Lair of
                  | Beasts)
 16088 | Lair:3   | Received a gift from Sif Muna
 16095 | Lair:3   | Learned a level 3 spell: Mephitic Cloud
 16100 | Lair:3   | Learned a level 4 spell: Passage of Golubria
 16196 | Lair:3   | Reached skill level 5 in Long Blades
 16285 | Lair:3   | Found a staircase to the Snake Pit.
 16447 | Lair:3   | Identified 3 scrolls of acquirement
 16447 | Lair:3   | Acquired a +2 pair of gloves of dexterity
 16484 | Lair:3   | Found a radiant altar of Vehumet.
 16724 | Lair:3   | Found a staircase to the Shoals.
 17254 | D:12     | Noticed an anaconda
 17255 | D:12     | an anaconda changed into a glowing shapeshifter
 17258 | D:12     | Gained mutation: Armour fits poorly on your strangely
                  | shaped body. [a shining eye]
 17260 | D:12     | Lost mutation: Armour fits poorly on your strangely shaped
                  | body. [potion of mutation]
 17260 | D:12     | Gained mutation: You are partially covered in icy blue
                  | scales. (AC +2) [potion of mutation]
 17260 | D:12     | Gained mutation: You are partially covered in iridescent
                  | scales. (AC +2) [potion of mutation]
 17512 | D:12     | Acquired the amulet "Pumyh" {rF+ rC+ Regen+ Dex+3}
 17513 | D:12     | Acquired 3730 gold pieces
 17773 | D:12     | Reached XP level 13. HP: 39/84 MP: 1/29
 17930 | D:12     | Learned a level 4 spell: Dispel Undead
 19326 | D:13     | Reached skill level 11 in Spellcasting
 19715 | D:13     | Identified Sif Muna's Disquisition on the Feathery Oath
                  | (Sif Muna gifted it to you on level 13 of the Dungeon)
 19715 | D:13     | Received a gift from Sif Muna
 19797 | D:13     | Learned a level 2 spell: Slow
 19852 | D:13     | Noticed Kirke
 19868 | D:13     | Killed Kirke
 19868 | D:13     | Reached skill level 12 in Spellcasting
 20297 | D:13     | Identified the cursed +0 hand axe of Terra Cotta {pain,
                  | Int+4}
 20382 | D:13     | Found a gate to the Vaults.
 20773 | D:14     | Found Qialag's Jewellery Emporium.
 20897 | D:14     | Reached XP level 14. HP: 91/91 MP: 32/32
 21116 | D:14     | Reached skill level 1 in Necromancy
 21120 | D:14     | Reached skill level 13 in Spellcasting
 22105 | D:15     | Entered Level 15 of the Dungeon
 22172 | D:15     | Identified Sif Muna's Tome of Spatial Calling (Sif Muna
                  | gifted it to you on level 15 of the Dungeon)
 22172 | D:15     | Received a gift from Sif Muna
 22204 | D:15     | Found a flickering gateway to a bazaar.
 22213 | Bazaar   | Entered a bazaar
 22213 | Bazaar   | Found Gomuc's Armour Shop.
 22326 | Bazaar   | Found Wist's General Store.
 22336 | Bazaar   | Found Wigyful's Weapon Emporium.
 22345 | Bazaar   | Found Cin Zess's Jewellery Emporium.
 22390 | Bazaar   | Bought a potion of heal wounds for 45 gold pieces
 22390 | Bazaar   | Bought a potion of curing for 27 gold pieces
 22390 | Bazaar   | Bought a potion of resistance for 90 gold pieces
 22400 | Bazaar   | Bought the +2 pair of boots "Iriemihu" {rElec Dex+4} for
                  | 516 gold pieces
 22400 | Bazaar   | Bought a +2 robe of magic resistance for 247 gold pieces
 22547 | D:15     | Reached skill level 14 in Spellcasting
 22826 | D:15     | Reached skill level 10 in Long Blades
 22949 | D:15     | Found a staircase to the Depths.
 23027 | D:15     | Reached skill level 5 in Fire Magic
 23244 | D:15     | Noticed Agnes
 23250 | D:15     | Killed Agnes
 24846 | Lair:5   | Found a viscous altar of Jiyva.
 24846 | Lair:5   | Found a staircase to the Slime Pits.
 25218 | Lair:6   | Entered Level 6 of the Lair of Beasts
 25371 | Lair:6   | Reached XP level 15. HP: 98/98 MP: 35/35
 25898 | Lair:6   | Reached skill level 5 in Translocations
 25902 | Lair:6   | Identified Sif Muna's Collected Works on Mutagenic
                  | Translocation (Sif Muna gifted it to you on level 6 of the
                  | Lair of Beasts)
 25902 | Lair:6   | Received a gift from Sif Muna
 26054 | Lair:6   | Identified the +2 robe of Bitterness {rPois Int+6}
 26395 | Lair:6   | Got a smoking golden ring
 27192 | Orc:1    | Entered Level 1 of the Orcish Mines
 27634 | Orc:2    | Entered Level 2 of the Orcish Mines
 27972 | Orc:1    | Identified Sif Muna's Incunabulum of Lethal Sinister Magic
                  | (Sif Muna gifted it to you on level 1 of the Orcish Mines)
 27972 | Orc:1    | Received a gift from Sif Muna
 28505 | Orc:2    | Found a staircase to the Elven Halls.
 28739 | Orc:2    | Found Fomm's Antique Weapon Shoppe.
 28910 | Orc:2    | Found a radiant altar of Vehumet.
 29036 | Orc:2    | Found Poeluwki's Magic Scroll Shoppe.
 29375 | Orc:2    | Found a roughly hewn altar of Beogh.
 29375 | Orc:2    | Found Hexuveuh's Book Shoppe.
 29383 | Orc:2    | Found Jucahaxtorr's Gadget Emporium.
 29445 | Orc:2    | Found an ancient bone altar of Kikubaaqudgha.
 29452 | Orc:2    | Identified the ring of Aweh Hua {Ice +Blink rPois Str-4}
                  | (You found it on level 6 of the Lair of Beasts)
 29469 | Orc:2    | Bought a book of Power for 495 gold pieces
 29475 | Orc:2    | Learned a level 5 spell: Iskenderun's Battlesphere
 29846 | Orc:1    | Noticed Erica
 29852 | Orc:1    | Killed Erica
 29852 | Orc:1    | Reached skill level 1 in Charms
 30161 | Elf:1    | Entered Level 1 of the Elven Halls
 30803 | Elf:1    | Noticed Roxanne
 31028 | Elf:1    | Noticed Donald
 31367 | Shoals:1 | Entered Level 1 of the Shoals
 31596 | Shoals:1 | Noticed Frances
 31730 | Shoals:1 | Killed Frances
 32251 | Shoals:1 | Identified Sif Muna's Tome of Destructive Displacement (Sif
                  | Muna gifted it to you on level 1 of the Shoals)
 32251 | Shoals:1 | Received a gift from Sif Muna
 32311 | Shoals:1 | Reached XP level 16. HP: 105/105 MP: 4/36
 33498 | Shoals:2 | Reached skill level 15 in Spellcasting
 34161 | Shoals:2 | Reached XP level 17. HP: 110/110 MP: 38/38
 35098 | Shoals:3 | Noticed Jorgrun
 35098 | Shoals:3 | Noticed Polyphemus
 35108 | Shoals:2 | HP: 2/111 [Polyphemus (10)]
 35109 | Shoals:2 | Slain by Polyphemus

Illustrated notes

Levels and vault maps discovered:
D:1:      psy_arrival_basics, layout_basic
D:2:      layout_basic, eat_drink_and_be_merry_uskayaw,
          overflow_temple_1_default, grunt_temple_overflow_open
D:3:      layout_rooms, minmay_misc_feat_nine_boxes, uniq_terence
D:4:      layout_cave_pools, nicolae_overflow_crystal_walls, tgw_trog,
          uniq_menkaure
D:5:      layout_rooms, elyvilon_altar_5, nicolae_qazlal_general_emergency,
          first_ration, gup_sewer_entry_pipe, kennysheep_generic_room_11
D:6:      layout_rooms, lemuel_doored_altar, chequers_serial_rivers_micro_d,
          supply_closet_lemuel, vehumet_altar_wand_db, uniq_eustachio,
          uniq_edmund
D:7:      layout_rooms, fedhas_ov_isle_minmay, minmay_temple_entry_glassed_door,
          basic_altar
D:8:      layout_loops_corners, grunt_lair_entry_orc_guard_hut, serial_shops,
          nicolae_shop_window_shopping, hellmonk_ghost_happy_afterlife,
          basic_altar, blue_anna_alchemist [blue_anna_fruit_fields,
          blue_anna_fruit_fields], fountainhead
D:9:      layout_roguey, david_orc_2
D:10:     layout_small_grid, ebering_ghost_inner_flame, grunt_ministairs_6
D:11:     layout_loops_ring
D:12:     kennysheep_funnel, layout_basic, minmay_misc_feat_tower
D:13:     layout_roguey, grunt_vaults_entry_tiered,
          chequers_serial_rivers_small_b, uniq_kirke
D:14:     layout_roguey, serial_bayou_shore_b, serial_shops, shop_fountains
D:15:     gammafunk_depths_entry_grave, layout_grid_maze, serial_shops,
          bzr_entry_water, uniq_agnes
Lair:1:   lemuel_slime, layout_layer_cave, chequers_serial_rivers_micro_e,
          grunt_megastairs_5
Lair:2:   layout_gridlike, ldierk_geyser
Lair:3:   layout_small_grid, minmay_shoals_entry_hut,
          minmay_snake_entry_guardpost_small, basic_altar, beast_lair_carwin_5
Lair:4:   layout_loops_ring, grunt_megastairs_1
Lair:5:   layout_regular_city, dpeg_slime_entry_enclosed_altar,
          serial_bayou_lake_a, lemuel_fruit_fields
Lair:6:   minmay_lair_end_enchanted_forest, layout_gridlike,
          small_statue_intersection, ldierk_geyser
Shoals:1: layout_shoals, uniq_frances
Shoals:2: layout_shoals, nicolae_shoals_so_close
Shoals:3: layout_shoals, gammafunk_ghost_necromancy, uniq_jorgrun,
          uniq_polyphemus
Orc:1:    layout_caves, uniq_erica
Orc:2:    kennysheep_orc_mage_school, layout_caves, mines2_lemuel
Elf:1:    elf_arrival_002, layout_loops_corners, evilmike_minifort, uniq_donald,
          uniq_roxanne
Elf:2:    layout_onion_city

Skill      XL: |  1  2  3  4  5  6  7  8  9 10 11 12 13 14 15 16 17 |
---------------+----------------------------------------------------+-----
Spellcasting   | 4 5 6 8 10 12 14 15 | 15.3
Conjurations   | 5 6 8 9 |  9.3
Hexes          | 2 5 |  5.0
Translocations | 2 4 8 9 |  9.9
Fighting       | 2 4 6 8 10 11 13 14 | 14.1
Dodging        | 4 8 11 13 | 13.0
Fire Magic     | 2 4 6 |  6.0
Long Blades    | 6 8 10 12 | 12.6
Necromancy     | 2 |  2.0
Charms         | 2 |  2.0
Stealth        | |  2.4

Action                   |  1- 3 |  4- 6 |  7- 9 | 10-12 | 13-15 | 16-18 || total
-------------------------+-------+-------+-------+-------+-------+-------++-------
Melee: Dagger            |       |    11 |       |       |       |       ||    11
       Mace              |       |     2 |     7 |       |       |       ||     9
       Great sword       |       |       |       |    88 |   455 |    30 ||   573
Throw: Stone             |       |       |       |     3 |       |       ||     3
 Cast: Magic Dart        |    56 |    91 |   228 |   128 |   114 |    15 ||   632
       Searing Ray       |     3 |    12 |    29 |    58 |    15 |       ||   117
       Iskenderun's Myst |       |     4 |    13 |    68 |    91 |    15 ||   191
       Fulminant Prism   |       |     3 |    29 |    22 |    65 |     6 ||   125
       Fireball          |       |       |       |    78 |   188 |    66 ||   332
       Dazzling Flash    |       |       |       |     2 |       |       ||     2
       Mephitic Cloud    |       |       |       |     2 |     7 |       ||     9
       Passage of Golubr |       |       |       |     1 |     1 |       ||     2
       Dispel Undead     |       |       |       |       |     3 |       ||     3
       Slow              |       |       |       |       |     1 |       ||     1
       Iskenderun's Batt |       |       |       |       |     3 |     4 ||     7
Evoke: Wand              |       |       |       |     5 |     5 |       ||    10
  Use: Scroll            |       |     8 |    12 |    12 |     9 |     2 ||    43
       Potion            |       |     2 |     1 |     2 |     1 |     1 ||     7
 Stab: Sleeping          |       |       |       |     1 |     2 |       ||     3
       Confused          |       |       |       |     2 |       |       ||     2
  Eat: Ration            |     1 |     2 |     4 |     8 |    13 |     3 ||    31
Armor: Robe              |     3 |     7 |     7 |    12 |    89 |    16 ||   134
Dodge: Dodged            |     3 |    21 |    35 |   168 |   796 |    79 ||  1102
       Rpst.: Great sword |       |       |       |    48 |   195 |    13 ||   256

Table legend:
 A = Non-vault XP
 B = Vault XP
 C = Vault XP percentage of total XP
 D = Non-vault monster count
 E = Vault monster count
 F = Vault count percentage of total count
                 A         B        C        D         E       F
            +---------+---------+-------+---------+---------+-------
      Total |  128154 |   45000 |  26.0 |     638 |     204 |  24.2
            +---------+---------+-------+---------+---------+-------
        D:1 |      58 |       0 |   0.0 |      25 |       0 |   0.0
        D:2 |     151 |       0 |   0.0 |      22 |       0 |   0.0
        D:3 |     122 |      36 |  22.8 |      19 |       1 |   5.0
        D:4 |     383 |     180 |  32.0 |      20 |       6 |  23.1
        D:5 |     295 |      17 |   5.4 |      18 |       7 |  28.0
        D:6 |     619 |     366 |  37.2 |      22 |       3 |  12.0
        D:7 |     853 |       0 |   0.0 |      18 |       0 |   0.0
        D:8 |    1875 |     880 |  31.9 |      33 |       6 |  15.4
        D:9 |     450 |     157 |  25.9 |       9 |       8 |  47.1
       D:10 |    2947 |     146 |   4.7 |      22 |       2 |   8.3
       D:11 |    2125 |       0 |   0.0 |      20 |       0 |   0.0
       D:12 |    8574 |     546 |   6.0 |      38 |       1 |   2.6
       D:13 |    8515 |   10199 |  54.5 |      42 |      31 |  42.5
       D:14 |   15227 |       0 |   0.0 |      55 |       0 |   0.0
       D:15 |   11557 |    7716 |  40.0 |      28 |       9 |  24.3
     Lair:1 |    5350 |     989 |  15.6 |      23 |      23 |  50.0
     Lair:2 |    2923 |     333 |  10.2 |      14 |       1 |   6.7
     Lair:3 |    5308 |    1479 |  21.8 |      15 |       8 |  34.8
     Lair:4 |    6703 |     452 |   6.3 |      28 |       1 |   3.4
     Lair:5 |    3973 |       0 |   0.0 |      24 |       0 |   0.0
     Lair:6 |   10856 |    7598 |  41.2 |      29 |      45 |  60.8
   Shoals:1 |   14582 |    2401 |  14.1 |      26 |       1 |   3.7
   Shoals:2 |   13464 |     205 |   1.5 |      27 |       1 |   3.6
      Orc:1 |    3348 |     939 |  21.9 |      35 |       1 |   2.8
      Orc:2 |    2937 |    8094 |  73.4 |      18 |      35 |  66.0
      Elf:1 |    4364 |    2220 |  33.7 |       7 |       4 |  36.4
      Elf:2 |     595 |       0 |   0.0 |       1 |       0 |   0.0
      Sewer |       0 |      47 | 100.0 |       0 |      10 | 100.0
            +---------+---------+-------+---------+---------+-------
